[Event "Late-Titled-Tuesday-Blitz-March-05-2024"]
[Site "Chess.com"]
[Date "2024.03.05"]
[Round "3"]
[White "Byniolus"]
[Black "TheAlienParty"]
[Result "1-0"]
[WhiteElo "2776"]
[BlackElo "2400"]
[TimeControl "180+1"]
[EndTime "14:27:42 PST"]
[Termination "Byniolus won by checkmate"]

1. d4 Nf6 2. Nf3 d5 3. Bf4 Bf5 4. c4 c6 5. Nc3 e6 6. Qb3 Qb6 7. c5 Qxb3 8. axb3 Nbd7 9. b4 Ne4 10. e3 Nxc3 11. bxc3 Be7 12. b5 O-O 13. bxc6 bxc6 14.
Ba6 Bxc5 15. dxc5 Nxc5 16. Bd6 Nb3 17. Ra3 Rfd8 18. Be7 Rd7 19. Rxb3 Rxe7 20. Nd4 c5 21.
Nxf5 exf5 22. Kd2 c4 23. Rb2 f4 24. exf4 Rae8 25. Kd1 Re4 26. g3 h5 27. h4 R4e6 28.
Ra2 Rb8 29. Kd2 Rbb6 30. Rha1 Rec6 31. Ke3 Kf8 32. Kd4 Ke7 33. Kxd5 Kd7 34. Bxc4 Rd6+ 35.
Ke4 Rdc6 36. Rxa7+ Kd6 37. Rd1+ Kc5 38. Bxf7 Rb2 39. c4 Rxf2 40. Ra5+ Kb4 41. Rxh5 Rg2 42. Kf3 Rh2 43. Rd3 Ra6 44. Rb5+ Ka4 45. Be8 Re6 46. Re5+ Rxe8 47. Rxe8 Kb4 48. Kg4 Kxc4 49. Rd7 Kc5 50. Rc8+ Kb6 51. Rd1 Kb7 52. Rc3 Rb2 53. Kg5 Rb5+ 54.
f5 Rb6 55. g4 Kb8 56. Rd7 Rb1 57. Rxg7 Rb6 58. Re3 Kc8 59. Re8# 1-0

[Event "Late-Titled-Tuesday-Blitz-March-05-2024"]
[Site "Chess.com"]
[Date "2024.03.05"]
[Round "3"]
[White "TheCavemanChess"]
[Black "Beca95"]
[Result "1-0"]
[WhiteElo "2727"]
[BlackElo "2968"]
[TimeControl "180+1"]
[EndTime "14:27:43 PST"]
[Termination "TheCavemanChess won by resignation"]

1. e4 g6 2. d4 Bg7 3. Nc3 d6 4. Nf3 a6 5. Be3 Nd7 6. Qd2 b5 7. O-O-O Bb7 8. h4 h5 9. Ng5 e6 10. f4 Nh6 11. Kb1 Nf6 12. Bd3 Qd7 13. Rhf1 Nfg4 14.
Bg1 f6 15. e5 fxg5 16. Bxg6+ Kd8 17. fxg5 Nf5 18. d5 Nxh4 19. Rf7 Nxg6 20. Rxd7+ Kxd7 21. exd6 e5 22. Qd3 Nf4 23. Qf5+ Kxd6 24. Ne4+ Ke7 25.
Bc5+ Ke8 26. d6 Bxe4 27. Qxe4 Rd8 28. d7+ Kf7 29. Qf5+ Kg8 30. Be7 Ne3 31. Qe4 Nxd1 32. Bxd8 Ne6 33. Qd5 Kf7 34. g6+ 1-0

[Event "Late-Titled-Tuesday-Blitz-March-05-2024"]
[Site "Chess.com"]
[Date "2024.03.05"]
[Round "3"]
[White "igorkovalenko"]
[Black "Harry_Rakkel"]
[Result "1-0"]
[WhiteElo "2941"]
[BlackElo "2691"]
[TimeControl "180+1"]
[EndTime "14:27:44 PST"]
[Termination "igorkovalenko won on time"]

1. e4 c5 2. Nf3 e6 3. c3 Nf6 4. e5 Nd5 5. d4 cxd4 6. cxd4 d6 7. Bc4 Nb6 8. Bd3 Bd7 9. Nc3 Bc6 10. O-O h6 11. Re1 Be7 12. Bc2 Na6 13. a3 Nc7 14. exd6 Bxd6 15. Qd3 Nbd5 16. Ne4 Nf6 17.
Nxd6+ Qxd6 18. Ne5 Rd8 19. Qg3 g5 20. Bd2 Nb5 21.
Bb4 Qd5 22. Bb3 Qxd4 23. Rad1 Qb6 24. Nxc6 bxc6 25. Qe5 c5 26. Qxf6 1-0

[Event "Late-Titled-Tuesday-Blitz-March-05-2024"]
[Site "Chess.com"]
[Date "2024.03.05"]
[Round "3"]
[White "Firouzja2003"]
[Black "MathiasWomacka"]
[Result "1/2-1/2"]
[WhiteElo "3207"]
[BlackElo "2538"]
[TimeControl "180+1"]
[EndTime "14:27:44 PST"]
[Termination "Game drawn by repetition"]

1. e4 c5 2. Nf3 d6 3. d4 cxd4 4. Nxd4 Nf6 5. Nc3 a6 6. Be3 e5 7. Nb3 Be7 8. f3 Be6 9. Qd2 O-O 10. O-O-O Nbd7 11. g4 b5 12. g5 Nh5 13. Nd5 Bxd5 14.
exd5 f6 15. gxf6 Bxf6 16. Kb1 Nf4 17. Na5 Nb6 18. Nc6 Qc7 19. Bxf4 exf4 20. Bd3 Nxd5 21. Bxh7+ Kxh7 22. Qxd5 Rac8 23. Qd3+ Kh8 24. Nb4 a5 25. Nd5 Qc4 26. Qg6 Rc5 27. b3 Qe2 28. Rde1 Qxf3 29. Nxf6 gxf6 30. Qh6+ Kg8 31. Rhg1+ Rg5 32. Rxg5+ fxg5 33.
Qg6+ Kh8 34. Re7 Qd1+ 35. Kb2 Qd4+ 36. Kc1 Qa1+ 37. Kd2 Qd4+ 38. Ke1 Qg1+ 39. Ke2 f3+ 40. Kd3 Qd1+ 41. Kc3 b4+ 42. Kb2 Qd4+ 43. Kb1 Qd1+ 44. Kb2 Qd4+ 45. Kb1 Qd1+ 46. Kb2 1/2-1/2

[Event "Late-Titled-Tuesday-Blitz-March-05-2024"]
[Site "Chess.com"]
[Date "2024.03.05"]
[Round "3"]
[White "MattyDPerrine"]
[Black "traack"]
[Result "1-0"]
[WhiteElo "2603"]
[BlackElo "2437"]
[TimeControl "180+1"]
[EndTime "14:27:45 PST"]
[Termination "MattyDPerrine won by checkmate"]

1. Nf3 Nf6 2. g3 d6 3. d4 g6 4. Bg2 Bg7 5. b3 O-O 6. Bb2 c5 7. c4 Nc6 8. O-O Bg4 9. d5 Na5 10. Nbd2 a6 11. h3 Bxf3 12. Bxf3 b5 13. Qc2 Rb8 14. Bc3 e6 15. dxe6 fxe6 16. Rad1 Qc7 17. e3 Nc6 18. Be2 Qb6 19. Bxf6 Bxf6 20. Ne4 Nb4 21. Qd2 Be5 22. a3 d5 23. Nxc5 Qxc5 24.
axb4 Qc7 25. f4 Bg7 26. cxd5 exd5 27. Qxd5+ Kh8 28. Rc1 Qe7 29. e4 Qxb4 30. e5 Rbd8 31. Qe6 Rd2 32. Bf3 Qd4+ 33. Kh1 Qe3 34. Rc8 Rf2 35.
Rxf8+ Bxf8 36. Qf6+ Kg8 37. Bd5# 1-0

[Event "Late-Titled-Tuesday-Blitz-March-05-2024"]
[Site "Chess.com"]
[Date "2024.03.05"]
[Round "3"]
[White "Sandstad"]
[Black "TheMagician"]
[Result "1-0"]
[WhiteElo "2470"]
[BlackElo "2211"]
[TimeControl "180+1"]
[EndTime "14:27:45 PST"]
[Termination "Sandstad won by checkmate"]

1. e4 d5 2. exd5 Qxd5 3. Nc3 Qa5 4. d4 Nf6 5. Bc4 Bg4 6. f3 Bc8 7. Ne2 c6 8. Bf4 Nd5 9. Bd2 Nxc3 10. Bxc3 Qd8 11.
Qd2 e6 12. h4 Nd7 13. a4 Nb6 14. Bb3 Nd5 15. h5 Nxc3 16. Nxc3 h6 17. O-O-O Bb4 18.
Qe3 O-O 19. g4 b5 20. axb5 cxb5 21. Ne4 Bb7 22. Rhg1 Bxe4 23. Qxe4 Bd6 24. c3 Qf6 25. Kb1 Bf4 26. Bc2 Rfd8 27. d5 Kf8 28. dxe6 fxe6 29.
Qh7 Ke7 30. Rge1 Rxd1+ 31. Rxd1 Rd8 32. Rxd8 Kxd8 33. Qg8+ Kc7 34. Qa8 Kb6 35. Be4 Qe7 36. Qc6+ Ka5 37. b4+ Ka4 38. Bc2+ Ka3 39. Qa6# 1-0

[Event "Late-Titled-Tuesday-Blitz-March-05-2024"]
[Site "Chess.com"]
[Date "2024.03.05"]
[Round "3"]
[White "DonBroca"]
[Black "Walter_White_Poland"]
[Result "0-1"]
[WhiteElo "2142"]
[BlackElo "2373"]
[TimeControl "180+1"]
[EndTime "14:27:46 PST"]
[Termination "Walter_White_Poland won by checkmate"]

1. e4 e5 2. Nf3 Nc6 3. Bb5 a6 4. Ba4 Nf6 5. O-O Be7 6. Re1 b5 7. Bb3 O-O 8. h3 Bb7 9. c3 d5 10. exd5 Nxd5 11. d3 f6 12. a4 Kh8 13. Na3 b4 14. Nb1 a5 15. d4 exd4 16. Nxd4 Nxd4 17. Qxd4 c5 18. Qh4 f5 19. Qh5 Nf6 20. Qe2 Bd6 21. Be3 f4 22. Bd2 f3 23. gxf3 Nh5 24. f4 Nxf4 25. Bxf4 Bxf4 26. Qg4 Rf6 27. Kf1 Qd3+ 28. Qe2 Qxh3+ 29. Kg1 Qg2# 0-1

[Event "Late-Titled-Tuesday-Blitz-March-05-2024"]
[Site "Chess.com"]
[Date "2024.03.05"]
[Round "3"]
[White "TimGrutter03"]
[Black "GilbertoHernandezAmura"]
[Result "0-1"]
[WhiteElo "2610"]
[BlackElo "2469"]
[TimeControl "180+1"]
[EndTime "14:27:47 PST"]
[Termination "GilbertoHernandezAmura won by resignation"]

1. d4 Nf6 2. Nc3 c5 3. d5 e6 4. e4 d6 5. f4 exd5 6. exd5 g6 7. Nf3 Bg7 8. Bb5+ Nbd7 9. O-O O-O 10. a4 a6 11. Be2 Re8 12. Nd2 Nb6 13. Bf3 a5 14.
Nb5 Nfxd5 15. Bxd5 Nxd5 16. Nc4 Be6 17. f5 Nc3 18.
fxe6 Nxd1 19. exf7+ Kh8 20. fxe8=Q+ Qxe8 21. Rxd1 Qe2 22. Be3 Qxc4 23. Nxd6 Qxc2 24. Rd2 Qb3 25. Bxc5 h5 26. Rf1 Rf8 27. Rfd1 Rf4 28. Ne8 Be5 29. Bf2 Rf7 30. Nd6 Rd7 31. Ne4 Qxd1+ 32. Rxd1 Rxd1+ 33.
Be1 Rxe1+ 34. Kf2 Rxe4 0-1

[Event "Late-Titled-Tuesday-Blitz-March-05-2024"]
[Site "Chess.com"]
[Date "2024.03.05"]
[Round "3"]
[White "Squirlolz"]
[Black "SchmakAttack"]
[Result "0-1"]
[WhiteElo "2572"]
[BlackElo "2819"]
[TimeControl "180+1"]
[EndTime "14:27:49 PST"]
[Termination "SchmakAttack won by resignation"]

1. b3 d5 2. Bb2 Bf5 3. e3 e6 4. f4 Nf6 5. Nf3 Be7 6. d3 O-O 7.
Nbd2 c5 8. Qe2 Nc6 9. Rg1 Rc8 10.
g4 Bxg4 11. O-O-O Bh5 12. Bh3 Bg6 13. e4 dxe4 14. dxe4 Nd4 15. Qg2 Nh5 16. Nxd4 cxd4 17. Qf3 Qc7 18. Kb1 Nxf4 19. Bxd4 Qxc2+ 20. Ka1 Nxh3 21. Qxh3 Rfd8 22. Qe3 Rxd4 23. Qxd4 Bc5 24. Qd7 Qc3+ 25. Kb1 Bd4 26. Qxc8+ Qxc8 27. Rxg6 hxg6 28. Nc4 e5 29. Kc2 b5 0-1

[Event "Late-Titled-Tuesday-Blitz-March-05-2024"]
[Site "Chess.com"]
[Date "2024.03.05"]
[Round "3"]
[White "SaqoChess_Twitch"]
[Black "GMAkobianSTL"]
[Result "1-0"]
[WhiteElo "2625"]
[BlackElo "2808"]
[TimeControl "180+1"]
[EndTime "14:27:50 PST"]
[Termination "SaqoChess_Twitch won by resignation"]

1. d4 e6 2. c4 f5 3. Nc3 Bb4 4. e3 Nf6 5. Bd3 O-O 6. Ne2 b6 7. O-O Bb7 8. a3 Bxc3 9. Nxc3 d6 10. b4 Nbd7 11. Bb2 Qe7 12. Qc2 Qf7 13. f4 Qg6 14. d5 exd5 15. Bxf5 Qe8 16. cxd5 Qxe3+ 17. Kh1 Rae8 18. Be6+ Rxe6 19. dxe6 Qxe6 20. Rae1 Qg4 21.
Qe2 Qh4 22. Kg1 Kh8 23. Qf2 Qh5 24. h3 h6 25. Qe2 Qf5 26. Nb5 Ba6 27. a4 c6 28.
Nxd6 Bxe2 29. Nxf5 Bxf1 30. Rxf1 Re8 31. Rd1 Re2 32. Bc3 Kh7 33. Nxg7 Nd5 34. Ba1 Rxg2+ 35.
Kxg2 Ne3+ 36. Kf3 Nxd1 37. Ke2 c5 38. b5 c4 39. Kxd1 Nc5 40. Bd4 Nxa4 41. Nf5 Kg6 42. Ne3 h5 43. Kc2 h4 44. f5+ Kg5 45. f6 Kg6 46.
Ng4 c3 47. Kb3 Kf7 48. Nh6+ Kg6 49. f7 Nc5+ 50. Bxc5 1-0

[Event "Late-Titled-Tuesday-Blitz-March-05-2024"]
[Site "Chess.com"]
[Date "2024.03.05"]
[Round "3"]
[White "zverr1"]
[Black "SameerMujumdar"]
[Result "1-0"]
[WhiteElo "2599"]
[BlackElo "2436"]
[TimeControl "180+1"]
[EndTime "14:27:52 PST"]
[Termination "zverr1 won by resignation"]

1. e4 c5 2. Nf3 d6 3. Nc3 Nf6 4. e5 dxe5 5. Nxe5 g6 6. Bc4 e6 7. Qf3 Bg7 8. Bb5+ Nbd7 9. Bxd7+ Bxd7 10. Qxb7 O-O 11. Nxd7 Nxd7 12. O-O c4 13. b3 Nc5 14.
Qb5 Ne4 15. Nxe4 Bxa1 16. Ba3 Bg7 17. Bxf8 Qxf8 18. Qxc4 Rc8 19. Qd3 Qa3 20. Qd7 Rf8 21. Nc3 Bxc3 22. dxc3 Qxa2 23. Qd3 Rc8 24. c4 a5 25. h4 a4 26. Qc3 Qa3 27. Ra1 Qe7 28.
Rxa4 Qxh4 29. c5 Qg5 30. Rc4 Qc1+ 31. Kh2 Qh6+ 32. Kg1 Qc1+ 33. Kh2 Qh6+ 34. Qh3 Qg5 35. c6 Qe5+ 36. Qg3 Qxg3+ 37. Kxg3 Kf8 38. b4 Ke7 39. b5 Kd6 40. Ra4 Rc7 41. Ra8 Kc5 42. Rb8 h5 43. Rb7 Rc8 44. c4 Kxc4 45. c7 Kc5 46. b6 Kc6 47. Rb8 Kd7 48. Kf3 f6 49.
g3 g5 50. Ke4 f5+ 51. Ke5 g4 52. Kf4 Rxc7 53. bxc7 Kxc7 54. Rh8 Kd6 55. Rxh5 e5+ 56. Kxf5 Kd5 57. Kf6 Kd4 58. Rxe5 Kd3 59. Re3+ Kd2 60. Kf5 Kd1 61. Kxg4 Kd2 62. Kf4 Kd1 63. g4 Kd2 64. g5 Kd1 65. g6 Kd2 66. g7 1-0

[Event "Late-Titled-Tuesday-Blitz-March-05-2024"]
[Site "Chess.com"]
[Date "2024.03.05"]
[Round "3"]
[White "SpeedofLight0"]
[Black "grzechu96"]
[Result "1-0"]
[WhiteElo "3094"]
[BlackElo "2740"]
[TimeControl "180+1"]
[EndTime "14:27:54 PST"]
[Termination "SpeedofLight0 won by resignation"]

1. d4 d5 2. Nc3 Nf6 3. Bf4 a6 4.
e3 Bf5 5. Bd3 Bxd3 6. cxd3 e6 7.
Nf3 Nbd7 8. O-O Be7 9. Qb3 b6 10. e4 c6 11. Rac1 O-O 12. exd5 cxd5 13. Na4 Ra7 14.
Rc6 b5 15. Nc5 Nb8 16. Bxb8 Qxb8 17. Rc1 Qa8 18. Ne5 h6 19. Qc3 Rd8 20. Qa5 Bd6 21. Nxa6 Bxe5 22. dxe5 Nd7 23. d4 Rb8 24. Nxb8 Rxa5 25.
Nxd7 Qa7 26. Rc8+ Kh7 27. R1c7 Qa6 28. Nf8+ Kh8 29. Nxe6+ Kh7 30. Nf8+ Kg8 31. e6 fxe6 32. Nxe6+ Qxc8 33. Rxc8+ Kf7 34. Nf4 Rxa2 35. Nd3 Ra1+ 36. Rc1 Ra2 37. Kf1 1-0

[Event "Late-Titled-Tuesday-Blitz-March-05-2024"]
[Site "Chess.com"]
[Date "2024.03.05"]
[Round "3"]
[White "AldokhinIvan"]
[Black "TigrVShlyape"]
[Result "1-0"]
[WhiteElo "2686"]
[BlackElo "2866"]
[TimeControl "180+1"]
[EndTime "14:27:54 PST"]
[Termination "AldokhinIvan won on time"]

1. e4 c5 2. Nf3 e6 3. d4 cxd4 4. Nxd4 a6 5. Nc3 b5 6. Bd3 Qb6 7. Nb3 Qc7 8. Bd2 Nc6 9. f4 d6 10. a4 b4 11. Na2 Qb8 12. O-O Nf6 13. Qe1 d5 14. f5 Bd6 15. fxe6 fxe6 16. exd5 Bxh2+ 17. Kh1 Bg3 18. Qe2 Ne5 19. Rxf6 gxf6 20. Qh5+ Nf7 21.
dxe6 Bxe6 22. Nc5 Qd6 23. Bxb4 Qd5 24. Qe2 Be5 25. Be4 1-0

[Event "Late-Titled-Tuesday-Blitz-March-05-2024"]
[Site "Chess.com"]
[Date "2024.03.05"]
[Round "3"]
[White "GotCheeseCheckers"]
[Black "Too_Stupid_To_Play"]
[Result "1-0"]
[WhiteElo "2509"]
[BlackElo "2260"]
[TimeControl "180+1"]
[EndTime "14:27:57 PST"]
[Termination "GotCheeseCheckers won on time"]

1. e4 c5 2. Nf3 e6 3. c3 d5 4. exd5 Qxd5 5. d4 Nc6 6. Be3 g6 7. dxc5 Qxd1+ 8. Kxd1 Nge7 9. b4 Nd5 10. Bb5 Bd7 11. Bd4 Nxd4 12. Nxd4 Bxb5 13. Nxb5 O-O-O 14. Kc2 a6 15. N5a3 Nf4 16. Nc4 Nxg2 17. Nbd2 Nf4 18.
Ne4 Kc7 19. Ned6 Bxd6 20. cxd6+ Kb8 21. Rad1 Nd5 22. Ne5 Rhf8 23. c4 Nxb4+ 24. Kc3 f6 25. Kxb4 fxe5 26. Rhe1 Rxf2 27. Rxe5 Rxa2 28. Rxe6 Rxh2 29.
Kc5 Rc2 30. Kd5 b6 31. Rb1 b5 32. cxb5 Rd2+ 33. Kc6 Rc2+ 34. Kb6 1-0

[Event "Late-Titled-Tuesday-Blitz-March-05-2024"]
[Site "Chess.com"]
[Date "2024.03.05"]
[Round "3"]
[White "1g60-1"]
[Black "annacramling"]
[Result "0-1"]
[WhiteElo "2316"]
[BlackElo "2075"]
[TimeControl "180+1"]
[EndTime "14:27:57 PST"]
[Termination "annacramling won by resignation"]

1. e4 c5 2. d4 cxd4 3. c3 Nf6 4. e5 Nd5 5. cxd4 e6 6. Nc3 Nxc3 7. bxc3 Qc7 8. Bd2 d6 9. exd6 Bxd6 10. Nf3 Nc6 11.
Bd3 h6 12. O-O O-O 13. Qc1 f5 14. c4 Be7 15. Re1 Bf6 16. Bc3 Qd6 17. Qb2 Rd8 18. d5 exd5 19. cxd5 Bxc3 20. Qxc3 Ne7 21. Rad1 Kh8 22.
Bc4 Bd7 23. Ne5 Be8 24. Bb3 Rac8 25. Qg3 Qf6 26. h4 f4 27. Qh3 Rc5 28. Ng4 Qd6 29. Re6 Qd7 30. Nxh6 Nxd5 31. Bxd5 Rxd5 32.
Rxd5 Qxd5 33. Rxe8+ Rxe8 34. Nf7+ Qxf7 35. Qg4 Kg8 36.
h5 Qe6 37. Qg5 Qe1+ 38. Kh2 Qe5 39. Qg6 f3+ 40. g3 Qe6 41. Qg5 Rf8 42. a4 Qh6 43.
Qg4 Qb6 44. a5 Qxf2+ 45. Kh3 Qf1+ 46. Kh4 Qh1+ 47. Kg5 Qc1+ 48. Kh4 Qc7 49. Qc4+ Qf7 50. Qg4 Qf6+ 51. Kh3 f2 52. Qc4+ Qf7 53. Qf1 Qxh5+ 54.
Kg2 Qd5+ 55. Kh2 Qe4 56. Qe2 Qxe2 0-1

[Event "Late-Titled-Tuesday-Blitz-March-05-2024"]
[Site "Chess.com"]
[Date "2024.03.05"]
[Round "3"]
[White "baag"]
[Black "chess94cu"]
[Result "1-0"]
[WhiteElo "2850"]
[BlackElo "2652"]
[TimeControl "180+1"]
[EndTime "14:27:58 PST"]
[Termination "baag won on time"]

1. c4 Nf6 2. g3 e6 3. Bg2 d5 4.
Nf3 Be7 5. O-O O-O 6. d4 dxc4 7. Qc2 a6 8. a4 Bd7 9. Rd1 Bc6 10. Nc3 Bxf3 11. Bxf3 Nc6 12. Bxc6 bxc6 13. Bg5 Rb8 14. Rac1 Nd5 15. Bxe7 Qxe7 16. Ne4 Rb4 17. Nc5 a5 18. Na6 Rb6 19. Qxc4 Rxb2 20. e4 Nf6 21. Qxc6 Ng4 22. Rc2 Qa3 23. h3 Nf6 24. Rxb2 Qxb2 25. Nc5 h5 26.
Qxc7 Qe2 27. Rf1 Nxe4 28. Nxe4 Qxe4 29. Qxa5 Qxd4 30. h4 g6 31. Qb5 Ra8 32. a5 Kg7 33. a6 Qd5 34. Qxd5 exd5 35. Ra1 Ra7 36. Kg2 Kf6 37.
Kf3 Ke5 38. Ke3 f6 39. Ra5 g5 40. Kd3 gxh4 41. gxh4 f5 42. Ke3 Ke6 43. Kd4 f4 44. f3 Kd6 45. Rxd5+ Kc6 46. Rxh5 1-0

[Event "Late-Titled-Tuesday-Blitz-March-05-2024"]
[Site "Chess.com"]
[Date "2024.03.05"]
[Round "3"]
[White "Kostukov_Alex"]
[Black "morte-negra"]
[Result "0-1"]
[WhiteElo "2331"]
[BlackElo "2061"]
[TimeControl "180+1"]
[EndTime "14:27:58 PST"]
[Termination "morte-negra won by checkmate"]

1. g3 Nf6 2. Bg2 g6 3. c4 Bg7 4.
Nf3 d5 5. O-O c5 6. cxd5 Nxd5 7.
Nc3 Nc7 8. b3 Nc6 9. Bb2 O-O 10.
Rc1 Rb8 11. d3 b6 12. Qd2 Bb7 13. Rfd1 Nd4 14. Nxd4 Bxg2 15. Kxg2 cxd4 16. Ne4 Nd5 17. Rc4 e5 18. Rdc1 f5 19. Ng5 Qe7 20. Rc6 h6 21.
Ne6 Rf6 22. Nxg7 Kxg7 23. Qc2 f4 24. Rxf6 Qxf6 25. Qc6 Rd8 26. Qxf6+ Kxf6 27. Kf3 g5 28. Rc6+ Kg7 29. Ke4 Ne7 30. Rc7 Kf6 31. Ba3 Nd5 32. Rc6+ Kf7 33. Kxe5 fxg3 34. hxg3 Nc3 35. Rxh6 Rd5# 0-1

[Event "Late-Titled-Tuesday-Blitz-March-05-2024"]
[Site "Chess.com"]
[Date "2024.03.05"]
[Round "3"]
[White "Abund"]
[Black "DonJuan_34"]
[Result "1-0"]
[WhiteElo "2801"]
[BlackElo "2462"]
[TimeControl "180+1"]
[EndTime "14:27:59 PST"]
[Termination "Abund won by resignation"]

1. e4 e6 2. d4 d5 3. Nd2 Nf6 4.
e5 Nfd7 5. c3 c5 6. f4 Nc6 7.
Ndf3 f6 8. Bd3 cxd4 9. cxd4 Bb4+ 10. Bd2 Qa5 11. Ne2 O-O 12. a3 Bxd2+ 13. Qxd2 Qxd2+ 14. Kxd2 f5 15. b4 Nb6 16. Rac1 Bd7 17. h3 a6 18. g4 g6 19. Rhg1 Kh8 20. Rg2 Rac8 21. gxf5 gxf5 22.
Rcg1 Be8 23. Ng3 h6 24. Rc1 Ne7 25. Rc5 Nd7 26. Rxc8 Nxc8 27. Ke3 Ndb6 28. Nd2 Bb5 29. Nh5 Bxd3 30. Kxd3 Nd7 31. Rg6 Re8 32. Rxh6+ Kg8 33.
Rg6+ Kh8 34. Rg7 Ncb6 35. Nf3 Nf8 36. Ng5 1-0

[Event "Late-Titled-Tuesday-Blitz-March-05-2024"]
[Site "Chess.com"]
[Date "2024.03.05"]
[Round "3"]
[White "thesupera12"]
[Black "larsmandreassen"]
[Result "1-0"]
[WhiteElo "2497"]
[BlackElo "2235"]
[TimeControl "180+1"]
[EndTime "14:28:02 PST"]
[Termination "thesupera12 won on time"]

1. Nc3 d5 2. Nf3 d4 3. Ne4 Bf5 4. Ng3 Bg6 5. c3 c5 6. cxd4 cxd4 7. d3 Nc6 8. h4 h6 9. Qa4 Qd7 10. Bd2 e5 11. O-O-O Nf6 12. Kb1 Bd6 13. e3 dxe3 14.
Bxe3 O-O 15. Ka1 a6 16. d4 b5 17. Qb3 e4 18. Ne5 Na5 19. Qc2 Bxe5 20. dxe5 Nd5 21. Qd2 Qc7 22. Rc1 Qd8 23. Rd1 Qc7 24. Rc1 Qd8 25. Be2 Nxe3 26. Qxe3 Rc8 27. Nxe4 Qd5 28.
Nc3 Qxg2 29. Rhg1 Qb7 30. h5 Bh7 31. Qxh6 f6 32. exf6 Rxf6 33. Qxf6 b4 34. Rxg7+ Qxg7 35. Qe6+ Qf7 36. Qxc8+ Kg7 37. Rg1+ Kh6 38. Qc5 bxc3 39.
Qe3+ 1-0

[Event "Late-Titled-Tuesday-Blitz-March-05-2024"]
[Site "Chess.com"]
[Date "2024.03.05"]
[Round "3"]
[White "ahmedkandiliii"]
[Black "martinmena"]
[Result "0-1"]
[WhiteElo "2525"]
[BlackElo "2313"]
[TimeControl "180+1"]
[EndTime "14:28:03 PST"]
[Termination "martinmena won by resignation"]

1. e4 c6 2. d4 d5 3. exd5 cxd5 4. c4 Nf6 5. Nc3 g6 6. Bg5 Bg7 7. Nf3 O-O 8. Bxf6 Bxf6 9. Nxd5 Bg7 10. Nc3 Bg4 11. Be2 Nc6 12. d5 Bxf3 13. Bxf3 Ne5 14. Be2 Rc8 15. Qa4 Qb6 16. Rb1 Nxc4 17. Bxc4 Bxc3+ 18. Ke2 Qd4 19. bxc3 Qe4+ 20. Kd2 Rxc4 21. Qb5 Rd8 22.
Qxb7 Rxd5+ 23. Kc1 Rxc3+ 24. Kb2 Rc2+ 25. Ka1 Rxa2+ 26. Kxa2 Ra5+ 27. Kb3 Qxb7+ 28. Kc2 Qe4+ 29. Kd2 Ra2+ 30. Kc3 Rc2+ 31. Kb3 Qc4+ 0-1

[Event "Late-Titled-Tuesday-Blitz-March-05-2024"]
[Site "Chess.com"]
[Date "2024.03.05"]
[Round "3"]
[White "ckgchess"]
[Black "NateSolon"]
[Result "1-0"]
[WhiteElo "2925"]
[BlackElo "2691"]
[TimeControl "180+1"]
[EndTime "14:28:04 PST"]
[Termination "ckgchess won by resignation"]

1. e4 c5 2. c3 Nf6 3. e5 Nd5 4.
d4 cxd4 5. Bc4 e6 6. cxd4 Nc6 7. Nf3 d6 8. O-O Be7 9. Qe2 O-O 10. Rd1 Nb6 11.
Bb3 Bd7 12. Bf4 dxe5 13. dxe5 Na5 14. Bc2 Nd5 15. Qe4 g6 16. Bh6 Re8 17. Nc3 Bc6 18. Nxd5 Bxd5 19. Qf4 Rc8 20. Ng5 Rf8 21. Bd3 Nc4 22.
Rab1 f6 23. Bxf8 Qxf8 24. exf6 Bxf6 25. Rbc1 Bxg5 26. Qxg5 Nxb2 27. Bxg6 hxg6 28. Qxg6+ Kh8 29. Rxc8 Qxc8 30. Qf6+ Kh7 31. Qxb2 Qc4 32. Rc1 Qg4 33. f3 Bxf3 34. Rc7+ Kg8 35. Rc8+ Kf7 36. Qf2 Ke7 37. Qxf3 Qd4+ 38. Qf2 Qd1+ 39. Qf1 Qd4+ 40. Kh1 1-0

[Event "Late-Titled-Tuesday-Blitz-March-05-2024"]
[Site "Chess.com"]
[Date "2024.03.05"]
[Round "3"]
[White "DeArron_Fox"]
[Black "OverallStranger"]
[Result "0-1"]
[WhiteElo "2545"]
[BlackElo "2380"]
[TimeControl "180+1"]
[EndTime "14:28:04 PST"]
[Termination "OverallStranger won on time"]

1. d4 Nf6 2. c4 c5 3. d5 b5 4.
cxb5 a6 5. bxa6 Bxa6 6. Nc3 d6 7. e4 Bxf1 8. Kxf1 g6 9. g3 Bg7 10.
Kg2 O-O 11. Nf3 Qb6 12. a4 Na6 13. Nd2 Nc7 14. Ra3 Rfb8 15. Nc4 Qa6 16. b3 Nd7 17.
Qc2 Ne5 18. Nxe5 Bxe5 19. h4 h5 20. Bg5 Bxc3 21. Qxc3 Nb5 22. axb5 Qxa3 23. Bxe7 Rxb5 24. Bxd6 Re8 25. Re1 Qxb3 26. Qxb3 Rxb3 27. Bxc5 Rb5 28. Rc1 Rxe4 29. d6 Rb7 30. Bb6 Re8 31. Rc7 Rxb6 32.
d7 Rd8 33. Rc8 Rb8 34. Rc7 Kf8 0-1

[Event "Late-Titled-Tuesday-Blitz-March-05-2024"]
[Site "Chess.com"]
[Date "2024.03.05"]
[Round "3"]
[White "secretsuperstar7"]
[Black "mac0504"]
[Result "0-1"]
[WhiteElo "2498"]
[BlackElo "2714"]
[TimeControl "180+1"]
[EndTime "14:28:05 PST"]
[Termination "mac0504 won by resignation"]

1. c4 g6 2. Nc3 Bg7 3. e4 d6 4. d3 e5 5. g3 Ne7 6. Bg2 O-O 7. Nge2 f5 8. O-O Nbc6 9. Rb1 a5 10.
a3 fxe4 11. dxe4 Bg4 12. f3 Be6 13. Be3 Bxc4 14. Rc1 Be6 15. Nd5 h6 16. Qd2 Kh7 17.
b4 axb4 18. axb4 Ra3 19. Bf2 Qd7 20. b5 Bxd5 21. exd5 Nd8 22. Qb4 Ra2 23. Qc4 Rb2 24. Nc3 Nf7 25. Na4 Rxb5 26. Qxc7 Qxc7 27. Rxc7 Nxd5 28.
Rcc1 Ng5 29. Nc3 Nxc3 30. Rxc3 e4 31. Rc7 exf3 32. h4 Ne6 33. Rxg7+ Kxg7 34. Bh3 Nc5 35. Bd4+ Kg8 36. Re1 Rb4 37. Bc3 f2+ 38. Kf1 fxe1=Q+ 39. Kxe1 Rb3 40. Kd2 Ne4+ 41. Kd3 Rxc3+ 0-1

[Event "Late-Titled-Tuesday-Blitz-March-05-2024"]
[Site "Chess.com"]
[Date "2024.03.05"]
[Round "3"]
[White "rionelG"]
[Black "Caracal3000"]
[Result "0-1"]
[WhiteElo "2213"]
[BlackElo "2466"]
[TimeControl "180+1"]
[EndTime "14:28:05 PST"]
[Termination "Caracal3000 won by resignation"]

1. e4 e5 2. Nf3 Nc6 3. Bb5 a6 4.
Ba4 Nf6 5. O-O b5 6. Bb3 Bc5 7. c3 d6 8. d4 Bb6 9. h3 Bb7 10.
Re1 O-O 11. Bc2 h6 12. Be3 Re8 13. Nbd2 Rb8 14. a4 Na5 15. Qe2 exd4 16. Bxd4 Bxd4 17. cxd4 Nc4 18. axb5 axb5 19. Nxc4 bxc4 20. Nd2 Ba8 21. Ra2 Rb4 22. Rea1 Bb7 23. f3 d5 24. e5 Nd7 25.
f4 c5 26. Nf3 cxd4 27. Nxd4 Nc5 28. f5 Nb3 29. Nxb3 cxb3 30. Bd3 bxa2 31. f6 Qb6+ 32. Kh1 g6 33. Qg4 Rxg4 34. hxg4 Qd4 0-1

[Event "Late-Titled-Tuesday-Blitz-March-05-2024"]
[Site "Chess.com"]
[Date "2024.03.05"]
[Round "3"]
[White "ATM622"]
[Black "SnekkerAndersen"]
[Result "0-1"]
[WhiteElo "2495"]
[BlackElo "2704"]
[TimeControl "180+1"]
[EndTime "14:28:06 PST"]
[Termination "SnekkerAndersen won on time"]

1. d4 d5 2. c4 e6 3. Nf3 Nf6 4. g3 Be7 5. Bg2 O-O 6. O-O dxc4 7.
Ne5 Nc6 8. Bxc6 bxc6 9. Nxc6 Qe8 10. Nxe7+ Qxe7 11. Qc2 e5 12. dxe5 Qxe5 13. Bf4 Qh5 14. Qxc4 Bb7 15. f3 Nd5 16. Bd2 Rfe8 17. e4 Nb6 18. Qxc7 Ba6 19. Nc3 Bxf1 20. Rxf1 Rac8 21.
Qxa7 Nc4 22. Bc1 Ne5 23. Qe3 f5 24. Nd5 Nc4 25. Qa7 Kh8 26. b3 Ne5 27. Bb2 Rc2 28. h4 Rxb2 29. Qd4 Rxa2 30. Qe3 Qg6 31. Qf4 Nd3 32.
Qc7 Ne5 33. g4 fxg4 34. Nf4 Qh6 0-1

[Event "Late-Titled-Tuesday-Blitz-March-05-2024"]
[Site "Chess.com"]
[Date "2024.03.05"]
[Round "3"]
[White "stepanosinovsky"]
[Black "C_K_G"]
[Result "0-1"]
[WhiteElo "2371"]
[BlackElo "2166"]
[TimeControl "180+1"]
[EndTime "14:28:07 PST"]
[Termination "C_K_G won on time"]

1. e4 c5 2. Nf3 d6 3. d4 cxd4 4.
Nxd4 Nf6 5. Nc3 a6 6. Be3 e5 7.
Nb3 Be6 8. Qd2 Be7 9. O-O-O Nbd7 10. f4 exf4 11. Bxf4 Ne5 12. Nd4 Rc8 13. Nf5 Bxf5 14. exf5 Qc7 15. h3 O-O 16. g4 b5 17. g5 b4 18.
gxf6 bxc3 19. Qxc3 Qxc3 20. bxc3 Bxf6 21. Rxd6 Rxc3 22.
Rg1 Nf3 23. Rg3 Bh4 24. Rg4 h5 25. Rg2 Ne1 26. Bd2 Rxc2+ 27. Kd1 Rxa2 28. Bxe1 Ra1+ 29. Kc2 Rxe1 30. Bc4 Rc8 31. Kb3 Re3+ 32. Kb4 Re4 33. Rc2 Be7 0-1